 Dungeon Crawl Stone Soup version 0.28.0-47-ge53b351184 (webtiles) character file.

Game seed: 2705803050985426277

17 Zeld the Insei (level 2, -2/18 HPs)
             Began as an Octopode Transmuter on Apr 29, 2022.
             Slain by a worm (10 damage)
             ... on level 2 of the Dungeon.
             The game lasted 00:01:00 (1117 turns).

Zeld the Insei (Octopode Transmuter)                Turns: 1117, Time: 00:01:00

Health: -2/18      AC:  1    Str:  9    XL:     2   Next: 62%
Magic:  5/5        EV: 13    Int: 15    God:
Gold:   16         SH:  0    Dex: 12    Spells: 2/5 levels left

rFire   . . .      SeeInvis .     - Unarmed
rCold   . . .      Faith    .   (no shield)
rNeg    . . .      Spirit   .   (helmet currently unavailable)
rPois   .          Reflect  .   (no amulet)
rElec   .          Harm     .   (no ring)
rCorr   .          Rampage  .   (no ring)
Will    .....                   (no ring)
Stlth   ++........              (no ring)
HPRegen 0.06/turn               (no ring)
MPRegen 0.09/turn               (no ring)
                                (no ring)
                                (no ring)

@: appendages
A: tentacle spike 3, almost no armour, amphibious, 8 rings, camouflage 1,
gelatinous body 1, (nimble swimmer 1), tentacles
a: End Transformation


You were on level 2 of the Dungeon.
One of your tentacles had grown a beastly spike.
You visited 1 branch of the dungeon, and saw 2 of its levels.

You collected 16 gold pieces.

Inventory:

Scrolls
 a - a scroll of torment {unknown}
 b - 3 scrolls of teleportation {unknown}
Potions
 c - a potion of curing {unknown}


   Skills:
 + Level 1.1 Fighting
 + Level 2.1 Dodging
 + Level 0.6 Stealth
 + Level 3.0 Unarmed Combat
 * Level 2.3 Spellcasting
 * Level 2.3 Transmutations


You had 2 spell levels left.
You knew the following spells:

 Your Spells              Type           Power      Damage    Failure   Level
a - Beastly Appendage     Tmut           16%        N/A       9%          1
b - Wereblood             Tmut           8%         N/A       12%         2

Your spell library contained the following spells:

 Spells                   Type           Power      Damage    Failure   Level
 Spider Form              Tmut/Pois      5%         N/A       36%         3
 Ice Form                 Ice/Tmut       5%         N/A       78%         4


Dungeon Overview and Level Annotations

Branches:
Dungeon (2/15)

Altars:


Innate Abilities, Weirdness & Mutations

One of your tentacles has grown a beastly spike.
You cannot wear most types of armour.
You are amphibious.
You can wear up to eight rings at the same time.
Your skin changes colour to match your surroundings (Stealth+).
Your rubbery body absorbs attacks. (AC +1, EV +1)
((You are camouflaged when in or above water. (Stealth+)))
You have tentacles for arms and can constrict up to eight enemies at once.


Message History

You miscast Beastly Appendage.
You are very lightly contaminated with residual magic.
Nothing appears to happen.
The worm bites you.
You barely miss the worm. Your grab misses the worm. You squeeze the worm!
The worm is heavily wounded.
The worm bites you.
Casting: Beastly Appendage (safe; 9% risk of failure)
Confirm with . or Enter, or press ? or * to list all spells.
You miscast Beastly Appendage.
Nothing appears to happen.
You tentacle-slap the worm. You grab the worm.
The worm is severely wounded.
You constrict the worm, but do no damage.
The worm bites you but does no damage.
You release your grip on the worm.
Your magical contamination has completely faded away.
There is a stone staircase leading up here.
You climb upwards.
There is a stone staircase leading down here.
You start resting.
Magic restored.
You start resting.
HP restored.
You climb downwards.
The worm bites you!
Ouch! That really hurt!
There is a stone staircase leading up, spattered with blood here.
Casting: Beastly Appendage (safe; 9% risk of failure)
Confirm with . or Enter, or press ? or * to list all spells.
One of your tentacles grows a vicious spike.
The worm closely misses you.
You are too injured to fight recklessly!
You are too injured to fight recklessly!
You tentacle-slap the worm. You grab the worm.
The worm is moderately wounded.
You constrict the worm.
Unknown command.
You release your grip on the worm.
The worm bites you!
Ouch! That really hurt!
You die...

#....# ##....#
.....# #
######...#.# #
.......<...#
#.####..#.####.##
#...............#
#.####.#w##.#######
#.......@...#
########.#### ...#
#####


You could see a worm.

Vanquished Creatures
  A dart slug (D:1)
  A ball python (D:1)
  2 endoplasms (D:1)
  2 giant cockroaches (D:1)
  A hobgoblin (D:1)
  2 bats (D:1)
  3 goblins (D:1)
  A kobold (D:1)
  A rat (D:1)
14 creatures vanquished.

Notes
Turn   | Place    | Note
-------+----------+-------------------------------------------
     0 | D:1      | Zeld the Octopode Transmuter began the quest for the Orb.
     0 | D:1      | Reached XP level 1. HP: 13/13 MP: 3/3
   302 | D:1      | Found a faded altar of an unknown god.
   370 | D:1      | Reached XP level 2. HP: 18/18 MP: 3/5
   394 | D:1      | Learned a level 2 spell: Wereblood
  1117 | D:2      | Slain by a worm

Illustrated notes

Levels and vault maps discovered:
D:1:      dpeg_arrival_rooms_b, layout_loops_ring, basic_ecumenical_altar
D:2:      layout_basic, roderic_roman_lattice

Action                   || total
-------------------------++-------
Melee: Unarmed           ||    28
       Tentacles         ||     8
       Kick              ||     7
       Constrict         ||     9
       Punch             ||     1
 Cast: Beastly Appendage ||    15
 Stab: Sleeping          ||     4
Armor: Skin              ||     4
Dodge: Dodged            ||    10
